 Dungeon Crawl Stone Soup version 0.30-a0-779-g7971cf19c3 (webtiles) character file.

Game seed: 14749540100608695796

192408 Zonian the Warrior (level 18, -16/107 HPs)
             Began as a Vine Stalker Brigand on Feb 17, 2023.
             Was an Elder of Uskayaw.
             Hit by a large rock thrown by Polyphemus (30 damage)
             ... on level 3 of the Shoals.
             The game lasted 01:50:33 (32837 turns).

Zonian the Warrior (Vine Stalker Brigand)          Turns: 32837, Time: 01:50:34

Health: -16/107    AC: 18    Str: 15    XL:     18   Next: 23%
Magic:  0/30       EV: 25    Int:  5    God:    Uskayaw [****..]
Gold:   2266       SH: 13    Dex: 26    Spells: 17/17 levels left

rFire   + . .      SeeInvis +    a - +4 dagger (spect)
rCold   + + +      Faith    .    B - +1 buckler
rNeg    . . .      Spirit   +    Y - +1 leather armour "Linteale" {rElec rF+ Will+ SInv}
rPois   +          Reflect  +    Q - +2 hat {Will+}
rElec   +          Harm     .    j - +2 cloak {rCorr}
rCorr   +          Rampage  .    n - +1 pair of gloves
Will    +++++                    N - +2 pair of boots {Stlth+}
Stlth   +++                      R - amulet of reflection
HPRegen 1.17/turn                I - ring "Wylefabu" {rPois rC+++ Will+ AC+4 Int-5}
MPRegen 0.22/turn                b - +5 ring of evasion

@: about to teleport, very slow
A: fangs 3, regeneration 1, magic shield, antimagic bite, no potion heal 2,
agile 1, mutation resistance 1, poison resistance, screaming 1, wild magic 1
}: 1/15 runes: gossamer
a: Renounce Religion, Stomp, Line Pass


You were on level 3 of the Shoals.
You worshipped Uskayaw.
Uskayaw was pleased with you.
You visited 6 branches of the dungeon, and saw 30 of its levels.
You also visited: Gauntlet.

You collected 3977 gold pieces.
You spent 1711 gold pieces at shops.

Inventory:

Hand Weapons
 a - a +4 spectral dagger (weapon)
 G - a +2 long sword of electrocution
Missiles
 d - 41 poisoned darts (quivered)
 e - 10 curare-tipped darts
 s - 5 silver javelins
 z - 24 boomerangs
 L - 3 throwing nets
 M - 7 javelins
Armour
 j - a +2 cloak of preservation (worn)
 n - a +1 pair of gloves (worn)
 B - a +1 buckler (worn)
 N - a +2 pair of boots of stealth (worn)
 Q - a +2 hat of willpower (worn)
 Y - the +1 leather armour "Linteale" (worn) {rElec rF+ Will+ SInv}
   (You found it on level 10 of the Dungeon)

   rF:        It protects you from fire.
   rElec:     It insulates you from electricity.
   SInv:      It lets you see invisible.
   Will:      It increases your willpower.
Jewellery
 b - a +5 ring of evasion (right hand)
 c - a ring of positive energy
 f - a ring of wizardry
 g - a ring of flight
 v - a ring of see invisible
 y - a +6 ring of dexterity
 I - the ring "Wylefabu" (left hand) {rPois rC+++ Will+ AC+4 Int-5}
   (You bought it in a shop on level 2 of the Dungeon)

   [ring of protection]

   AC:        It affects your AC (+4).
   Int:       It affects your intelligence (-5).
   rC:        It renders you almost immune to cold.
   rPois:     It protects you from poison.
   Will:      It increases your willpower.
 J - a ring of protection from fire
 R - an amulet of reflection (around neck)
 T - the ring "Roonitann" {+Blink rN+ rCorr}
   (You found it on level 9 of the Dungeon)

   [ring of positive energy]

   rN:        It protects you from negative energy.
   +Blink:    It lets you blink.
   rCorr:     It protects you from acid and corrosion.
 X - a ring of magical power
 Z - a ring of protection from fire
Wands
 k - a wand of mindburst (21)
 m - a wand of iceblast (18)
 u - a wand of quicksilver (16)
 x - a wand of flame (37)
 D - a wand of paralysis (19)
 S - a wand of digging (8)
Scrolls
 o - a scroll of fog
 p - 2 scrolls of poison
 t - 3 scrolls of silence
 E - 2 scrolls of magic mapping
 H - 13 scrolls of teleportation
 O - a scroll of brand weapon
 P - 4 scrolls of butterflies
Potions
 h - 5 potions of flight
 i - 3 potions of berserk rage
 l - 5 potions of lignification
 q - 7 potions of curing
 r - 3 potions of invisibility
 A - 10 potions of ambrosia
 C - 7 potions of resistance
 K - 4 potions of cancellation
 U - 7 potions of brilliance
 V - 5 potions of haste
Miscellaneous
 F - a tin of tremorstones (2/2)


   Skills:
 - Level 17.1 Fighting
 - Level 10.0 Short Blades
 - Level 0.2 Maces & Flails
 + Level 8.3 Throwing
 - Level 10.0 Dodging
 - Level 11.9 Stealth
 - Level 5.0 Shields
 - Level 14.8 Invocations
 - Level 10.0 Evocations


You had 17 spell levels left.
You didn't know any spells.
Your spell library contained the following spells:

 Spells                   Type           Power      Damage    Failure   Level
 Apportation              Tloc           0%         N/A       73%         1
 Magic Dart               Conj           0%         1d3       73%         1
 Necrotise                Necr           0%         1d4       73%         1
 Sandblast                Erth           0%         2d4       73%         1
 Summon Small Mammal      Summ           0%         N/A       73%         1
 Passwall                 Tmut/Erth      0%         N/A       85%         2
 Searing Ray              Conj           0%         2d4       85%         2
 Sublimation of Blood     Necr           0%         N/A       85%         2
 Wereblood                Tmut           0%         N/A       85%         2
 Call Canine Familiar     Summ           0%         N/A       97%         3
 Gell's Gravitas          Tloc           0%         N/A       97%         3
 Hailstorm                Conj/Ice       0%         3d3       97%         3
 Ozocubu's Armour         Ice            0%         N/A       97%         3
 Portal Projectile        Hex/Tloc       0%         N/A       97%         3
 Stone Arrow              Conj/Erth      0%         3d7       97%         3
 Summon Guardian Golem    Hex/Summ       0%         N/A       97%         3
 Teleport Other           Tloc           0%         N/A       97%         3
 Tukima's Dance           Hex            0%         N/A       97%         3
 Fulminant Prism          Conj/Hex       0%         3d5       100%        4
 Ice Form                 Ice/Tmut       0%         N/A       100%        4
 Olgreb's Toxic Radiance  Pois           0%         N/A       100%        4
 Alistair's Intoxication  Tmut/Pois      0%         N/A       100%        5
 Blade Hands              Tmut           0%         N/A       100%        5
 Borgnjor's Vile Clutch   Necr/Erth      0%         N/A       100%        5
 Dispersal                Tloc           0%         N/A       100%        6
 Eringya's Noxious Bog    Tmut/Pois      0%         N/A       100%        6
 Simulacrum               Ice/Necr       0%         N/A       100%        6
 Ozocubu's Refrigeration  Ice            0%         4d7       100%        7
 Summon Hydra             Summ           0%         N/A       100%        7
 Ignition                 Fire           0%         3d3       100%        8


Dungeon Overview and Level Annotations

Branches:
Dungeon (15/15)            Temple (1/1) D:7            Lair (5/5) D:10
 Shoals (3/4) Lair:3       Spider (4/4) Lair:2        Slime (0/5) Lair:5
    Orc (2/2) D:9             Elf (0/3) Orc:2        Vaults (0/5) D:13
 Depths (0/4) D:15        Gauntlet (visited)

Altars:
Ashenzari
Cheibriados
Dithmenos
Fedhas
Gozag
Hepliaklqana
Kikubaaqudgha
Makhleb
Nemelex Xobeh
Okawaru
Qazlal
Ru
Sif Muna
Trog
Uskayaw
Vehumet
Wu Jian
Xom
Zin
The Shining One
Jiyva

Shops:
D:2 =   D:5 (   D:7 [   D:8 :   D:10 =   Orc:2 !=!(   Shoals:2 (:

Portals:
Hell: Lair:5
Trove: D:10 (give 6 scrolls of blinking)

Annotations:
D:4 1 runed translucent door, Crazy Yiuf
D:11 1 runed translucent door, sirJeffrey23's ghost, journeyman FoFi
D:13 exclusion: ice statue
Shoals:3 Polyphemus
Orc:2 Saint Roka


Innate Abilities, Weirdness & Mutations

You have razor-sharp teeth.
Your natural rate of healing is unusually fast.
When hurt, damage is shared between your health and your magic reserves.
Your bite disrupts and absorbs the magic of your enemies.
Potions cannot restore your health.
You are agile. (Dex +4, Str/Int -1)
You are somewhat resistant to further mutation.
Your system is resistant to poisons. (rPois)
You occasionally shout uncontrollably at your foes.
Your spells are a little harder to cast, but a little more powerful.


Message History

The scroll dissolves into smoke.
The merfolk avatar is no longer paralysed.
The manticore is no longer paralysed.
The merfolk avatar chants a haunting song.
You resist with almost no effort.
A sea snake comes into view.
As you read the scroll of teleportation, it crumbles to dust.
You feel strangely unstable.
Unknown command.
The sea snake hisses angrily.
Aiming: Iceblast
Press: ? - help, Shift-Dir - straight line, f - sea snake
Aim: a sea snake The mass of ice explodes!
The iceblast engulfs the sea snake!!
The sea snake is moderately wounded.
The iceblast engulfs the plant!!
The plant begins to die.
The plant is lightly damaged.
Uskayaw will force your foes to share their pain.
Unknown command.
Aiming: Mindburst
Press: ? - help, Shift-Dir - straight line, f/p - sea snake
Aim: a sea snake (moderately wounded, chance to affect: 80%)
The sea snake's mind is blasted!!!
Your surroundings suddenly seem different.
Splash!
You fall into the shallow water.
Moving in this stuff is going to be slow.
Polyphemus, a catoblepas, a wind drake and a snapping turtle come into view.
Unknown command.
Okay, then.
Okay, then.
Okay, then.
Okay, then.
Okay, then.
As you read the scroll of teleportation, it crumbles to dust.
You feel strangely unstable.
Polyphemus shouts, "Attack, my pets!
Attack!"
You hear a bellow!
Polyphemus throws a large rock.
The large rock hits you!!!
You die...

≈≈~t~~~~~~..
≈≈~~~~~~~..
≈~~~~~~~..#
≈≈~~~~~~~.##
≈~~~~≈~~...###C
≈~~~≈≈.........
≈~~~~~.k.......
≈≈~~~~.@..Y~~~~
≈≈~~~~~~~~~~~~~
≈≈~~~~~~~~~~~~~
≈≈~~~~~~~~≈~~~~
≈≈~~~~~~~~≈~~~~
≈≈≈~~~~~~~~~~~≈
≈≈≈≈≈≈~~~≈≈≈≈≈≈
≈≈≈≈≈≈≈≈≈≈≈≈≈≈≈


You could see Polyphemus, a catoblepas, a snapping turtle (asleep) and a wind
drake (repels missiles).

Vanquished Creatures
  Jorgrun (D:14)
  Rupert (Orc:2)
  Gastronok (D:9)
  Kirke (Spider:3)
  Agnes (Spider:3)
  Ilsuiw (Shoals:2)
  3 emperor scorpions (Spider:4)
  5 ghost moths
  An orc warlord (Orc:2)
  2 minotaurs
  3 spark wasps
  An ettin (Orc:1)
  2 merfolk impalers
  Snorg (Orc:1)
  A fire dragon (D:13)
  Josephine (Orc:1)
  Harold (D:10)
  4 entropy weavers
  6 hydras
  3 radroaches
  A death knight (D:14)
  8 vault guards (D:13)
  4 boulder beetles
  A jorogumo (Spider:4)
  2 two-headed ogres
  Erica (Lair:2)
  7 centaur warriors
  A satyr (Shoals:3)
  Urug (Lair:1)
  The ghost of petzl the Magician, a novice FoDe of Vehumet (D:14)
  2 thrashing horrors (Gauntlet)
  3 orc high priests (Orc:2)
  Sonja (Lair:3)
  A sun demon (Lair:5)
  A skyshark (shapeshifter) (D:13)
  Amaemon (Lair:2)
  7 skeletal warriors
  2 sun moths
  4 sea snakes
  4 skysharks
  2 pharaoh ants (Spider:4)
  11 orb spiders
  A phantasmal warrior (D:14)
  2 deep elf pyromancers
  4 wizards
  5 orc knights
  5 steelbarb worms
  2 wolf spider zombies (D:15)
  9 ugly things
  6 orc sorcerers
  8 harpies (Shoals:1)
  A necromancer (D:15)
  20 wolf spiders
  2 cyclopes (shapeshifter)
  7 manticores
  3 fauns
  A moth of wrath (Spider:1)
  Joseph (D:7)
  4 merfolk sirens (Shoals:2)
  29 elephants
  10 cyclopes
  A guardian serpent (shapeshifter) (D:13)
  A centaur zombie (D:15)
  3 black mambas
  A gargoyle (D:13)
  Maggie (D:6)
  4 water nymphs
  A cane toad (shapeshifter) (D:13)
  5 demonic crawlers
  10 cane toads
  2 torpor snails
  6 orange demons
  4 rime drakes
  An efreet (D:14)
  A guardian mummy (D:10)
  2 freezing wraiths
  10 komodo dragons
  A hellwing (Lair:5)
  12 trolls
  A queen bee (Gauntlet)
  17 merfolk
  A polar bear (Lair:3)
  31 tarantellas
  9 hornets
  5 dream sheep (Lair:5)
  4 wind drakes (Shoals:1)
  A dream sheep (shapeshifter) (D:13)
  2 snapping turtles
  Prince Ribbit (D:5)
  15 blink frogs
  14 jumping spiders
  A jumping spider (shapeshifter) (D:14)
  25 culicivoras
  3 slime creatures (D:13)
  Sigmund (D:2)
  36 yaks
  A shadow (D:10)
  2 water elementals (Shoals:3)
  2 small abominations (Gauntlet)
  6 wraiths
  5 wyverns
  44 redbacks
  7 basilisks
  Eustachio (D:4)
  13 vampire mosquitoes
  Edmund (D:4)
  2 acid dragons
  5 hell hounds (Lair:5)
  3 wargs (Orc:2)
  14 water moccasins
  A sky beast (D:7)
  23 orc warriors
  5 ice beasts
  4 black bears
  9 ogres
  6 wolves (Lair:2)
  4 boggarts (D:14)
  21 centaurs
  A phantom (D:5)
  4 kobold brigands (D:9)
  4 gnoll sergeants
  12 bullfrogs
  5 scorpions
  6 wights
  12 killer bees
  3 howler monkeys
  3 electric eels
  A hound (D:4)
  12 orc priests
  Ijyb (D:4)
  An iguana (D:6)
  19 orc wizards
  2 mummies
  7 adders
  12 gnolls
  3 shadow imps
  5 white imps
  An ufetubus (D:5)
  A worm (D:2)
  A dart slug (D:1)
  72 orcs
  8 bats
  10 endoplasms
  6 giant cockroaches
  26 goblins
  33 hobgoblins
  15 kobolds
  3 quokkas
  8 ball pythons
  4 frilled lizards
  2 hobgoblin zombies (D:4)
  A kobold zombie (D:4)
  An orc zombie (D:4)
  7 rats
  2 butterflies (D:7)
952 creatures vanquished.

Vanquished Creatures (others)
  A jumping spider (Spider:3)
  2 humans (Spider:3)
  An electric eel (Spider:3)
  15 demonic plants (Gauntlet)
  15 fungi
  80 plants
114 creatures vanquished.

Grand Total: 1066 creatures vanquished

Notes
Turn   | Place    | Note
-------+----------+-------------------------------------------
     0 | D:1      | Zonian the Vine Stalker Brigand began the quest for the
                  | Orb.
     0 | D:1      | Reached XP level 1. HP: 11/11 MP: 2/2
    64 | D:1      | Reached skill level 1 in Dodging
    64 | D:1      | Reached XP level 2. HP: 15/15 MP: 3/3
    93 | D:1      | Reached skill level 5 in Stealth
   195 | D:1      | Reached skill level 2 in Fighting
   331 | D:1      | Reached XP level 3. HP: 9/18 MP: 4/4
  1082 | D:2      | Noticed Sigmund
  1094 | D:2      | Killed Sigmund
  1095 | D:2      | Gained mutation: Your natural rate of healing is unusually
                  | fast. [Vine Stalker growth]
  1095 | D:2      | Reached XP level 4. HP: 14/23 MP: 3/5
  1095 | D:2      | Reached XP level 5. HP: 17/28 MP: 3/6
  1143 | D:2      | Found Nohiq's Jewellery Boutique.
  1299 | D:2      | Reached XP level 6. HP: 32/32 MP: 7/7
  2210 | D:3      | Found an ornate altar of the Wu Jian Council.
  2243 | D:3      | Reached skill level 3 in Fighting
  2447 | D:4      | Found a shimmering altar of Xom.
  2503 | D:4      | Noticed an ice beast
  2509 | D:4      | Killed an ice beast
  2531 | D:4      | Found a stormy altar of Qazlal.
  2652 | D:4      | Reached XP level 7. HP: 29/36 MP: 6/8
  2866 | D:4      | Noticed Ijyb
  2868 | D:4      | Noticed Eustachio
  2919 | D:4      | Killed Ijyb
  2944 | D:4      | Found a broken altar of Ashenzari.
  2948 | D:4      | Killed Eustachio
  2949 | D:4      | Reached skill level 4 in Fighting
  3045 | D:4      | Noticed Edmund
  3078 | D:4      | Killed Edmund
  3255 | D:4      | Gained mutation: You have razor-sharp teeth. [Vine Stalker
                  | growth]
  3255 | D:4      | Reached XP level 8. HP: 42/42 MP: 9/9
  3556 | D:4      | Found a runed translucent door.
  3557 | D:4      | Noticed Crazy Yiuf
  3618 | D:5      | Entered Level 5 of the Dungeon
  3808 | D:5      | Found Rusijaes's Antique Weapon Boutique.
  4418 | D:5      | Reached skill level 5 in Fighting
  4510 | D:5      | Reached skill level 5 in Short Blades
  4598 | D:5      | Noticed Prince Ribbit
  4610 | D:5      | Killed Prince Ribbit
  4929 | D:5      | Identified the +5 morningstar of Defenestration {flame, rF-
                  | rC+ Will+ rCorr SInv}
  5442 | D:6      | Identified the +1 robe of Insecurity {Int+9}
  5509 | D:6      | Noticed Maggie
  5519 | D:6      | Killed Maggie
  5520 | D:6      | Reached skill level 6 in Fighting
  5520 | D:6      | Reached XP level 9. HP: 30/48 MP: 5/10
  6078 | D:6      | Found a hazy altar of Hepliaklqana.
  6078 | D:6      | Found an opulent altar of Gozag.
  6142 | D:7      | Found Usyegi's Antique Armour Shoppe.
  6145 | D:7      | Bought a runed hat for 140 gold pieces
  6269 | D:7      | Reached skill level 10 in Stealth
  6681 | D:7      | Reached skill level 7 in Fighting
  6796 | D:7      | Found a staircase to the Ecumenical Temple.
  6866 | Temple   | Entered the Ecumenical Temple
  6915 | Temple   | Became a worshipper of Uskayaw the Reveller
  7111 | D:7      | Reached * piety under Uskayaw
  7116 | D:7      | Reached ** piety under Uskayaw
  7124 | D:7      | Reached *** piety under Uskayaw
  7125 | D:7      | Reached XP level 10. HP: 28/55 MP: 9/11
  7154 | D:7      | Noticed Joseph
  7172 | D:7      | Killed Joseph
  7682 | D:7      | Found a snail-covered altar of Cheibriados.
  8050 | D:8      | Found Dawn's Self-Improvement Boutique.
  8108 | D:8      | Reached **** piety under Uskayaw
  8284 | D:8      | Found a glowing golden altar of the Shining One.
  8378 | D:8      | Paralysed by a hornet for 3 turns
  8383 | D:8      | Reached skill level 8 in Fighting
  8601 | D:9      | Noticed Gastronok
  8616 | D:9      | Killed Gastronok
  8663 | D:9      | Found a staircase to the Orcish Mines.
  8700 | D:9      | Reached skill level 9 in Fighting
  8709 | D:9      | Reached XP level 11. HP: 43/62 MP: 9/12
  8709 | D:9      | Reached ***** piety under Uskayaw
  8713 | D:9      | Reached ****** piety under Uskayaw
  8899 | D:9      | Identified the +7 chain mail of Repulsion {rCorr}
  9069 | D:9      | Noticed a centaur warrior
  9146 | D:9      | Killed a centaur warrior
  9337 | D:9      | Identified the ring "Roonitann" {+Blink rN+ rCorr}
  9514 | D:9      | Noticed a two-headed ogre
  9519 | D:9      | Killed a two-headed ogre
  9520 | D:9      | Reached skill level 10 in Fighting
  9520 | D:9      | Reached skill level 10 in Short Blades
  9837 | D:10     | Entered Level 10 of the Dungeon
  9927 | D:10     | Found Nofuzeih's Jewellery Boutique.
  9947 | D:10     | Noticed Harold
  9955 | D:10     | Found a staircase to the Lair.
  9958 | D:10     | Killed Harold
  9959 | D:10     | Reached skill level 1 in Invocations
 10032 | D:10     | Found a radiant altar of Vehumet.
 10310 | D:10     | Found a portal to a secret trove of treasure.
 10386 | D:10     | Reached XP level 12. HP: 69/69 MP: 15/15
 10390 | D:10     | Found a shimmering blue altar of Sif Muna.
 10852 | D:10     | Found a transporter.
 10937 | D:10     | Found a transporter.
 11172 | D:10     | Identified the +1 leather armour "Linteale" {rElec rF+
                  | Will+ SInv}
 11304 | Lair:1   | Entered Level 1 of the Lair of Beasts
 11502 | Lair:1   | Found a glowing silver altar of Zin.
 11503 | Lair:1   | Noticed Urug
 11507 | Lair:1   | Killed Urug
 11508 | Lair:1   | Reached skill level 11 in Fighting
 11771 | Lair:1   | Reached skill level 1 in Evocations
 12146 | Lair:2   | Found a hole to the Spider Nest.
 12276 | Lair:2   | Reached skill level 5 in Invocations
 12291 | Lair:2   | Noticed Erica
 12307 | Lair:2   | Noticed a six-headed hydra
 12326 | Lair:2   | Killed a six-headed hydra
 12327 | Lair:2   | Reached skill level 5 in Dodging
 12335 | Lair:2   | Killed Erica
 12457 | Lair:2   | Noticed Amaemon
 12501 | Lair:2   | Killed Amaemon
 13125 | Lair:3   | Found a staircase to the Shoals.
 13177 | Lair:3   | Reached XP level 13. HP: 65/74 MP: 15/18
 13221 | Lair:3   | Noticed Sonja
 13240 | Lair:3   | Killed Sonja
 13268 | Lair:3   | Reached skill level 12 in Fighting
 13578 | Lair:3   | Reached skill level 5 in Evocations
 14405 | D:2      | Bought the ring "Wylefabu" {rPois rC+++ Will+ AC+4 Int-5}
                  | for 927 gold pieces
 15153 | Lair:5   | Entered Level 5 of the Lair of Beasts
 15154 | Lair:5   | Found a viscous altar of Jiyva.
 15181 | Lair:5   | Found a staircase to the Slime Pits.
 15353 | Lair:5   | Reached XP level 14. HP: 80/81 MP: 21/21
 15354 | Lair:5   | Reached skill level 13 in Fighting
 15387 | Lair:5   | Found a gate leading to a gauntlet.
 15425 | Gauntlet | Entered a Gauntlet
 15425 | Gauntlet | Found a transporter.
 15425 | Gauntlet | Found a transporter.
 15432 | Gauntlet | Found a transporter.
 15439 | Gauntlet | Found a transporter.
 15443 | Gauntlet | Found a transporter.
 15466 | Gauntlet | Found a transporter.
 15515 | Gauntlet | Found a transporter.
 15553 | Gauntlet | Found a transporter.
 15607 | Gauntlet | Found a transporter.
 15615 | Gauntlet | Found a transporter.
 15655 | Gauntlet | Found a transporter.
 15828 | Lair:5   | Identified a scroll of acquirement
 15829 | Lair:5   | Acquired 797 gold pieces
 16239 | Lair:5   | Reached skill level 10 in Invocations
 16488 | Lair:5   | Found a burning altar of Makhleb.
 16523 | Lair:5   | Found a gateway to Hell.
 17583 | D:11     | Found a runed translucent door.
 17585 | D:11     | Noticed sirJeffrey23's ghost (journeyman FoFi)
 18226 | D:12     | Reached skill level 14 in Fighting
 18738 | D:13     | Reached XP level 15. HP: 88/88 MP: 24/24
 18743 | D:13     | Found a gate to the Vaults.
 18955 | D:13     | Reached skill level 10 in Dodging
 19307 | D:13     | Found the +5 glaive of the Guard {elec, spectral, AC+5}
 19788 | D:14     | Reached skill level 15 in Fighting
 19902 | D:14     | Noticed petzl's ghost (novice FoDe)
 19967 | D:14     | Found a runed translucent gate.
 19967 | D:14     | Found a runed translucent gate.
 19967 | D:14     | Found a runed translucent gate.
 19992 | D:14     | Noticed Jorgrun
 20028 | D:14     | Killed Jorgrun
 20595 | D:14     | Killed petzl's ghost
 20906 | D:15     | Entered Level 15 of the Dungeon
 20982 | D:15     | Reached XP level 16. HP: 95/95 MP: 26/26
 21270 | D:15     | Found an iron altar of Okawaru.
 21730 | D:15     | Found a staircase to the Depths.
 22151 | Orc:1    | Entered Level 1 of the Orcish Mines
 22151 | Orc:1    | Noticed Josephine
 22213 | Orc:1    | Killed Josephine
 22222 | Orc:1    | Reached skill level 16 in Fighting
 22263 | Orc:1    | Noticed Snorg
 22282 | Orc:1    | Killed Snorg
 22557 | Orc:2    | Entered Level 2 of the Orcish Mines
 22557 | Orc:2    | Found a staircase to the Elven Halls.
 22587 | Orc:2    | Noticed Rupert
 22617 | Orc:2    | Killed Rupert
 22910 | Orc:2    | Noticed Saint Roka
 23693 | Orc:2    | Found Utapp's Distillery.
 23693 | Orc:2    | Found Faaguh's Weapon Boutique.
 23703 | Orc:2    | Found Haugreev's Jewellery Boutique.
 23703 | Orc:2    | Found Gamuriul's Distillery.
 23714 | Orc:2    | Bought a potion of invisibility for 104 gold pieces
 23714 | Orc:2    | Bought a potion of cancellation for 104 gold pieces
 23714 | Orc:2    | Bought a potion of resistance for 130 gold pieces
 23716 | Orc:2    | Bought a potion of might for 72 gold pieces
 24249 | D:9      | Upgraded the game from 0.30-a0-778-g2ef04afb54 to
                  | 0.30-a0-779-g7971cf19c3
 24303 | Spider:1 | Entered Level 1 of the Spider Nest
 26260 | Spider:2 | Reached skill level 17 in Fighting
 26386 | Spider:2 | Reached XP level 17. HP: 100/102 MP: 29/29
 26629 | Spider:2 | Reached skill level 1 in Shields
 27355 | Spider:3 | Noticed Agnes
 27359 | Spider:3 | Killed Agnes
 27369 | Spider:3 | Noticed Kirke
 27386 | Spider:3 | Killed Kirke
 27445 | Spider:3 | Gained mutation: Your spells are a little easier to cast,
                  | but a little less powerful. [mutagenic glow]
 27463 | Spider:3 | Gained mutation: You occasionally lose the ability to read
                  | scrolls when taking damage. [mutagenic glow]
 28201 | Lair:4   | Lost mutation: Your spells are a little easier to cast, but
                  | a little less powerful. [potion of mutation]
 28201 | Lair:4   | Lost mutation: You occasionally lose the ability to read
                  | scrolls when taking damage. [potion of mutation]
 28201 | Lair:4   | Gained mutation: Your spells are a little harder to cast,
                  | but a little more powerful. [potion of mutation]
 28201 | Lair:4   | Gained mutation: You are dopey. (Int -2) [potion of
                  | mutation]
 28201 | Lair:4   | Gained mutation: You are agile. (Dex +4, Str/Int -1)
                  | [potion of mutation]
 28202 | Lair:4   | Lost mutation: Your spells are a little harder to cast, but
                  | a little more powerful. [potion of mutation]
 28202 | Lair:4   | Lost mutation: You are dopey. (Int -2) [potion of mutation]
 28202 | Lair:4   | Gained mutation: You sometimes lose your temper in combat.
                  | [potion of mutation]
 28202 | Lair:4   | Gained mutation: Your muscles are strong. (Str +4, Int/Dex
                  | -1) [potion of mutation]
 28202 | Lair:4   | Gained mutation: You expend magic power (3 MP) to
                  | strengthen your wands. [potion of mutation]
 28202 | Lair:4   | Gained mutation: Your spells are a little harder to cast,
                  | but a little more powerful. [potion of mutation]
 28306 | Spider:4 | Entered Level 4 of the Spider Nest
 28377 | Spider:4 | Reached skill level 5 in Throwing
 29911 | Spider:4 | Reached skill level 5 in Shields
 30138 | Spider:4 | Identified the +0 hat "Xauthrole" {Harm Will+ Int+3 Stlth-}
 30393 | Spider:4 | Got a gossamer rune of Zot
 30971 | Shoals:1 | Entered Level 1 of the Shoals
 31461 | Shoals:1 | Reached XP level 18. HP: 26/107 MP: 15/30
 31744 | Shoals:1 | You fall into a shaft and drop 1 floor!
 31800 | Shoals:2 | Found Duekh's Antique Weapon Shop.
 31808 | Shoals:2 | Bought a glowing long sword for 234 gold pieces
 32303 | Lair:4   | Lost mutation: You expend magic power (3 MP) to strengthen
                  | your wands. [potion of mutation]
 32303 | Lair:4   | Lost mutation: You sometimes lose your temper in combat.
                  | [potion of mutation]
 32303 | Lair:4   | Lost mutation: Your muscles are strong. (Str +4, Int/Dex
                  | -1) [potion of mutation]
 32303 | Lair:4   | Gained mutation: Your system is resistant to poisons.
                  | (rPois) [potion of mutation]
 32303 | Lair:4   | Gained mutation: You occasionally shout uncontrollably at
                  | your foes. [potion of mutation]
 32303 | Lair:4   | Gained mutation: You are somewhat resistant to further
                  | mutation. [potion of mutation]
 32353 | Shoals:2 | Found Gubuimeh's Book Emporium.
 32454 | Shoals:2 | Noticed Ilsuiw
 32501 | Shoals:2 | Killed Ilsuiw
 32826 | Shoals:3 | HP: 2/107 [satyr/arrow (13)]
 32828 | Shoals:3 | Reached skill level 10 in Evocations
 32836 | Shoals:3 | Noticed Polyphemus
 32837 | Shoals:3 | Hit by a large rock thrown by Polyphemus

Illustrated notes

Levels and vault maps discovered:
D:1:      psy_arrival_basics, layout_basic, serial_curves, eino_curves_04,
          eino_curves_04, st_stairs_13, chequers_big_river,
          minmay_indecisive_spiral
D:2:      layout_basic, serial_curves, eino_curves_03, eino_curves_01,
          serial_shops, nicolae_square_shop, kennysheep_generic_room_10,
          uniq_sigmund
D:3:      layout_loops_cross, nicolae_wu_jian_glorious_leap
D:4:      layout_loops_ring, mainiacjoe_overflow_alcove_2,
          cheibrodos_ashenzari_chains, nicolae_qazlal_general_emergency,
          minmay_mini_ossuary, uniq_edmund, uniq_ijyb, uniq_crazy_yiuf_cottage,
          uniq_eustachio
D:5:      minmay_goblin_kobold_castle, layout_rooms, serial_shops,
          nicolae_inconvenience_store, uniq_prince_ribbit1
D:6:      layout_basic, gammafunk_temple_overflow_wave, minivault_1, uniq_maggie
D:7:      layout_loops_corners, chei_slow_surprise,
          minmay_temple_entry_butterflies, serial_shops, nicolae_shop_crystal,
          uniq_joseph
D:8:      layout_rooms, mainiacjoe_overflow_concentric_impassable, serial_bayou,
          serial_bayou_lagoon_a, serial_bayou_pond_c, serial_bayou_pond_c,
          serial_bayou_pond_e, serial_bayou_pond_c, nicolae_shop_self_help
D:9:      layout_roguey, kennysheep_orc_monster_closet_entryway,
          chequers_serial_rivers_micro_c, minmay_mirror_moons_of_madness,
          uniq_gastronok
D:10:     layout_layer_cave, mainiacjoe_overflow_alcove_1,
          kennysheep_orc_sif_temple, david_lair_generic,
          nicolae_trove_entry_path_of_doom, serial_shops, shop,
          nicolae_diode_stairs, uniq_harold
D:11:     layout_loops_corners, ebering_ghost_reflecting_pool
D:12:     layout_gridville, hangedman_abyss_or_decor_stabs
D:13:     minmay_guarded_unrand_guard, layout_loops_ring, erik_vaults_2,
          minmay_statue_bubble
D:14:     layout_big_octagon, maelrawn_ghost_gauntlet_escape, amethyst_killhole,
          uniq_jorgrun
D:15:     grunt_enter_depths_magical_seal, layout_basic, okawaru_trees_2
Temple:   hellmonk_temple_forest_ring
Lair:1:   layout_cave_pods, basic_altar, grunt_forest_stairs_basic, uniq_urug
Lair:2:   layout_gridlike, dummy_spider_entry, uniq_erica, uniq_amaemon
Lair:3:   layout_gridlike, elwin_shoals_entry_rocks,
          chequers_serial_rivers_small_b, serial_bayou_pond_d, minivault_23,
          uniq_sonja
Lair:4:   layout_roguey, wad_woods_03, grunt_megastairs_2
Lair:5:   evil_forest, layout_gridlike, slime_entry_1, gauntlet_entry_generic
Shoals:1: layout_shoals, nicolae_shoals_wave_tunnel
Shoals:2: layout_shoals, serial_shops, nicolae_shop_trees,
          nicolae_lakefront_shop, nicolae_shop_overgrown_old_shop,
          nicolae_shoals_kraken_intersection, uniq_ilsuiw
Shoals:3: layout_shoals, uniq_polyphemus, uniq_bai_suzhen
Spider:1: layout_spider_delve
Spider:2: layout_cave_pods
Spider:3: layout_spider_delve, uniq_kirke, uniq_agnes
Spider:4: spider_rune_water
Orc:1:    layout_caves, basic_altar, uniq_josephine, uniq_snorg
Orc:2:    grunt_orc_tribal_feast, layout_diamond_mine, abandoned_shop,
          minmay_orc_barracks, uniq_saint_roka, uniq_rupert

Skill      XL: |  1  2  3  4  5  6  7  8  9 10 11 12 13 14 15 16 17 18 |
---------------+-------------------------------------------------------+-----
Dodging        | 1 2 3 5 7 9 10 | 10.0
Stealth        | 5 6 7 9 11 | 11.9
Short Blades   | 2 3 4 6 7 9 10 | 10.0
Fighting       | 2 3 4 6 7 9 10 11 12 14 15 17 | 17.1
Throwing       | 2 3 7 8 |  8.3
Invocations    | 3 6 8 10 13 14 | 14.8
Evocations     | 4 5 6 9 10 | 10.0
Shields        | 5 |  5.0
Maces & Flails | |  0.2

Action                     |  1- 3 |  4- 6 |  7- 9 | 10-12 | 13-15 | 16-18 || total
---------------------------+-------+-------+-------+-------+-------+-------++-------
  Melee: Dagger            |    92 |    90 |   504 |   732 |   873 |  1442 ||  3733
         Bite              |    14 |    15 |   167 |   329 |   384 |   665 ||  1574
         Punch             |     1 |     1 |     2 |       |       |       ||     4
         Short sword       |       |       |       |    20 |       |       ||    20
  Throw: Dart              |     2 |     4 |     5 |     2 |       |    31 ||    44
         Javelin           |       |       |       |       |     3 |       ||     3
         Boomerang         |       |       |       |       |       |     3 ||     3
 Invoke: Line Pass         |       |       |       |       |       |     3 ||     3
         Grand Finale      |       |       |       |       |       |     2 ||     2
  Evoke: Wand              |       |       |     9 |     3 |     2 |    11 ||    25
         Tin of tremorston |       |       |       |       |       |     1 ||     1
    Use: Potion            |     1 |       |       |       |     1 |    15 ||    17
         Scroll            |       |    13 |     9 |     8 |     8 |    13 ||    51
   Stab: Sleeping          |     7 |    12 |    22 |    25 |    39 |    28 ||   133
         Distracted        |       |     1 |     2 |     7 |    26 |    42 ||    78
         Paralysed         |       |       |       |    26 |    68 |    79 ||   173
         Invisible         |       |       |       |       |       |     3 ||     3
         Confused          |       |       |       |       |       |     3 ||     3
 Armour: Robe              |    18 |    14 |   113 |    55 |       |       ||   200
         Leather armour    |       |       |       |    43 |   129 |   223 ||   395
  Dodge: Dodged            |    50 |    38 |   196 |   185 |   444 |  1076 ||  1989
  Block: Buckler           |       |       |    64 |   147 |   305 |   702 ||  1218
         Reflection        |       |       |       |       |    30 |     9 ||    39

Table legend: (Time is in decaauts)
 A = Elapsed time spent in this place.
 B = Non-inter-level travel time spent in this place.
 C = Inter-level travel time spent in this place.
 D = Time resting spent in this place.
 E = Time spent auto-exploring this place.
 F = Levels seen in this place.
 G = Mean time per level.
                   A        B        C        D        E       F      G
               +--------+--------+--------+--------+--------+-----+--------+
         Total |  31554 |  29788 |   1766 |   6405 |  14905 |  31 | 1017.9 |
       Dungeon |  16097 |  15167 |    930 |   1882 |   9514 |  15 | 1073.1 |
        Temple |    187 |    172 |     15 |    100 |     56 |   1 |  187.0 |
          Lair |   5962 |   5407 |    555 |   1284 |   2998 |   5 | 1192.4 |
        Shoals |   1779 |   1748 |     31 |    295 |    530 |   3 |  593.0 |
   Spider Nest |   5186 |   4971 |    215 |   1987 |   1492 |   4 | 1296.5 |
  Orcish Mines |   1978 |   1960 |     18 |    776 |    313 |   2 |  989.0 |
      Gauntlet |    362 |    362 |      0 |     81 |      0 |   1 |  362.0 |
               +--------+--------+--------+--------+--------+-----+--------+

Top non-repeatable levels by time:
Spider:4: 2500 daAuts
  Lair:2: 2064 daAuts
    D:10: 1455 daAuts
     D:5: 1421 daAuts
     D:7: 1419 daAuts
     D:4: 1247 daAuts
  Lair:5: 1213 daAuts
     D:9: 1212 daAuts
Shoals:1: 1206 daAuts
     D:6: 1126 daAuts
    D:14: 1112 daAuts
    D:15: 1080 daAuts
Spider:2: 1079 daAuts
   Orc:2: 1047 daAuts
    D:13: 969 daAuts
